 Dungeon Crawl Stone Soup version 0.19-a0-1008-g4c63d25 (webtiles) character file.

150 mistymad the Skirmisher (level 5, -2/43 HPs)
             Began as a Formicid Abyssal Knight on July 22, 2016.
             Was a Believer of Lugonu.
             Killed by a spatial distortion (4 damage)
             ... on level 4 of the Dungeon.
             The game lasted 00:09:33 (3424 turns).

mistymad the Skirmisher (Formicid Abyssal Knight)   Turns: 3424, Time: 00:09:33

Health: -2/43      AC:  7    Str: 18    XL:     5   Next: 58%
Magic:  5/6        EV:  8    Int: 14    God:    Lugonu [**....]
Gold:   144        SH:  8    Dex: 10    Spells: 0 memorised, 4 levels left

rFire  . . .     SeeInvis +     a - +1 falchion
rCold  + . .     Gourm    .     f - +2 ring mail {rC+}
rNeg   . . .     Faith    .     k - +0 shield
rPois  .         Spirit   .     (helmet unavailable)
rElec  .         Dismiss  +     (no cloak)
rCorr  .         Reflect  .     (no gloves)
SustAt .         Harm     .     (no boots)
MR     .....                    g - amulet of dismissal
Stlth  ..........               (no ring)
                                e - +3 ring of intelligence

@: not resistant to hostile enchantments, extremely unstealthy
A: permanent stasis, dig shafts and tunnels, four strong arms, antennae 3
a: Dig, Shaft Self, Depart the Abyss, Bend Space, Renounce Religion


You were on level 4 of the Dungeon.
You worshipped Lugonu.
Lugonu was pleased with you.
You were hungry.

You visited 1 branch of the dungeon, and saw 4 of its levels.
You visited the Abyss 1 time.

You collected 144 gold pieces.

Inventory:

Hand Weapons
 a - a +1 falchion (weapon)
 b - a +0 whip of freezing
Armour
 f - a +2 ring mail of cold resistance (worn)
 k - a +0 shield (worn)
 o - a +0 plate armour
 p - a +1 scale mail of fire resistance
Jewellery
 e - a +3 ring of intelligence (left hand)
 g - an amulet of dismissal (around neck)
Wands
 i - a wand of polymorph (0/24)
Scrolls
 d - a scroll of magic mapping
 h - 2 scrolls of identify
 n - 2 scrolls of remove curse
 s - a scroll of recharging
Potions
 j - a potion of invisibility
 l - a potion of heal wounds
 m - 3 potions of curing {unknown}
 q - 2 potions of ambrosia {unknown}
Comestibles
 c - 4 bread rations
 r - a meat ration


   Skills:
 + Level 4.3 Fighting
 + Level 3.3 Long Blades
 + Level 3.5 Armour
 - Level 0.8 Dodging
 + Level 2.0 Shields
 - Level 2.1 Invocations


You had 4 spell levels left.
You didn't know any spells.

Dungeon Overview and Level Annotations

Branches:
Dungeon (4/15)
 Temple: D:4-7

Altars:

Annotations:
D:3 Grinder


Innate Abilities, Weirdness & Mutations

You are under a permanent stasis effect.
You can dig through walls and to a lower floor.
Your four strong arms can wield two-handed weapons with a shield.
You have a pair of large antennae on your head. (SInv)


Message History

The black bear claws you.
* * * LOW HITPOINT WARNING * * *
The black bear claws you.
* * * LOW HITPOINT WARNING * * *
You take 9 damage, and have 4/43 hp.
MASSIVE DAMAGE!!
Space bends around you!
You blink.
* * * LOW HITPOINT WARNING * * *
The black bear rages.
You take 2 damage, and have 2/43 hp.
You now have 5/6 mp.
Evoke which item? (* to show all) (? for menu, Esc to quit)
Zapping:
i - a wand of polymorph {zapped: 18} (will waste charges)
Press: ? - help, Shift-Dir - straight line, f/p - black bear
Aim: a black bear (translocational energy, almost dead, berserk, fast, unusually strong, chance to defeat MR: 46%) Nothing appears to happen.
Evoke which item? (* to show all) (? for menu, Esc to quit)
Okay, then.
Evoke which item? (* to show all) (? for menu, Esc to quit)
Okay, then.
Space bends around you!
You blink.
You die...

###### .....# .....# .....# #.
.....# #.#
#+################.##############
................@....ยง..........#
.............................>#.#
#..#.###...##..###..h#.######.#.#
...#+###........................#
#..............###...#.........?.
#..........##..# #...#.(#####.#.#
#..........##..# #...#..# #.#.#
#.)......... ..[....#..# #.#.#
#....#####.# ##....#..#####.#.#


You could see a black bear (berserk).

Vanquished Creatures
  An orc priest (D:3)
  Terence (D:3)
  A howler monkey skeleton (D:4)
  3 adders (D:2)
  A worm (D:3)
  2 giant geckos
  3 orcs
  4 giant cockroaches
  2 goblins
  8 hobgoblins
  3 jackals (D:2)
  2 quokkas
  A ball python (D:2)
  11 bats
  A giant newt (D:1)
  4 kobolds
  5 rats
53 creatures vanquished.

Notes
Turn   | Place    | Note
-------+----------+-------------------------------------------
     0 | Abyss:1  | mistymad the Formicid Abyssal Knight began the quest for the Orb.
     0 | Abyss:1  | Reached XP level 1. HP: 18/18 MP: 2/2
    59 | Abyss:1  | Noticed a guardian serpent
    62 | D:1      | Escaped the Abyss
   473 | D:1      | Reached XP level 2. HP: 24/24 MP: 3/3
   888 | D:2      | Reached * piety under Lugonu
  1229 | D:2      | Reached XP level 3. HP: 23/29 MP: 4/4
  1547 | D:3      | Noticed Grinder
  1759 | D:2      | Reached skill level 1 in Shields
  1759 | D:2      | Reached XP level 4. HP: 36/37 MP: 5/5
  1912 | D:3      | Reached skill level 4 in Fighting
  1970 | D:2      | Reached XP level 5. HP: 36/42 MP: 6/6
  2473 | D:3      | Found a faded altar of an unknown god.
  2563 | D:3      | Reached ** piety under Lugonu
  2567 | D:3      | Noticed Terence
  2645 | D:3      | Killed Terence
  3408 | D:4      | Noticed a black bear
  3422 | D:4      | HP: 1/43 [spatial distortion (3)]
  3424 | D:4      | Killed by a spatial distortion

Vault maps used:
D:1:      evilmike_arrival_rings
D:2:      first_bread
D:3:      ecumenical_altar_2, uniq_terence, uniq_grinder
D:4:      minmay_goblin_kobold_house
Abyss:1:  hangedman_cross_veins

Skill      XL: |  1  2  3  4  5 |
---------------+----------------+-----
Armour         | 3 |  3.5
Shields        | 1 2 |  2.0
Fighting       | 4 |  4.3
Long Blades    | 3 |  3.3
Dodging        | |  0.8
Invocations    | |  2.1

Action                   |  1- 3 |  4- 6 || total
-------------------------+-------+-------++-------
Melee: Falchion          |   120 |   161 ||   281
       Unarmed           |       |    33 ||    33
Invok: Depart the Abyss  |     1 |       ||     1
       Bend Space        |       |     1 ||     1
 Abil: Dig               |     1 |     2 ||     3
Evoke: Wand              |       |     1 ||     1
  Use: Scroll            |       |     8 ||     8
  Eat: Chunk             |     3 |     5 ||     8
Armor: Ring mail         |    42 |    15 ||    57
       Leather armour    |     3 |       ||     3
       Plate armour      |    22 |   100 ||   122
Dodge: Dodged            |    29 |    53 ||    82
Block: Shield            |    44 |    79 ||   123
